 Dungeon Crawl Stone Soup version 0.31-a0-1612-g4aaf141004 (webtiles) character file.

Game seed: 14480865986103684266

228 Laraso the Shooter (level 5, -1/40 HPs)
             Began as a Draconian Hexslinger on Jan 9, 2024.
             Incinerated by a bombardier beetle (5 damage)
             ... with a burning spray
             ... on level 5 of the Dungeon.
             The game lasted 00:04:08 (3314 turns).

Laraso the Shooter (Draconian Hexslinger)           Turns: 3314, Time: 00:04:08

Health: -1/40      AC:  7    Str: 10    XL:     5   Next: 70%
Magic:  4/6        EV: 12    Int: 14    God:
Gold:   173        SH:  0    Dex: 15    Spells: 4/6 levels left

rFire   . . .        a - +1 sling
rCold   . . .        (no shield)
rNeg    . . .        (body armour unavailable)
rPois   .            (helmet restricted)
rElec   .            (no cloak)
rCorr   .            (no gloves)
SInv    .            c - +1 pair of boots
Will    .....        (no amulet)
Stlth   +            (no ring)
HPRegen 0.26/turn    (no ring)
MPRegen 0.10/turn

%: no passive effects
@: on fire, weak-willed, jinxed, glowing
A: AC +5, unfitting armour, cold-blooded
a: no special abilities


You were on level 5 of the Dungeon.
You visited 1 branch of the dungeon, and saw 5 of its levels.

You collected 173 gold pieces.

Inventory:

Hand Weapons
 a - a +1 sling (weapon)
Armour
 c - a +1 pair of boots (worn)
Jewellery
 d - an amulet of magic regeneration
 h - an amulet of faith
Scrolls
 b - 2 scrolls of poison
 f - a scroll of blinking
 g - 4 scrolls of teleportation
 i - a scroll of summoning {unknown}
 l - a scroll of fear
 q - a scroll of identify
Potions
 e - a potion of mutation
 j - a potion of curing
 k - a potion of ambrosia {unknown}
 m - 2 potions of haste
 n - 2 potions of might
 o - a potion of heal wounds {unknown}
 p - 2 potions of attraction {unknown}


   Skills:
 - Level 1.1 Fighting
 * Level 4.5 Ranged Weapons
 - Level 1.7 Dodging
 - Level 1.0 Spellcasting
 + Level 4.0 Hexes
 - Level 1.0 Fire Magic


You had 4 spell levels left.
You knew the following spells:

 Your Spells              Type           Power      Damage    Failure   Level
a - Jinxbite              Hex            24%        N/A       8%          2

Your spell library contained the following spells:

 Spells                   Type           Power      Damage    Failure   Level
 Sigil of Binding         Hex            12%        N/A       16%         3
 Summon Small Mammal      Summ           0%         N/A       26%         1
 Inner Flame              Hex/Fire       7%         N/A       28%         3
 Cause Fear               Hex            6%         N/A       45%         4
 Call Canine Familiar     Summ           0%         N/A       61%         3
 Dimensional Bullseye     Hex/Tloc       3%         N/A       75%         4
 Summon Blazeheart Golem  Fire/Summ      2%         N/A       91%         4


Dungeon Overview and Level Annotations

Branches:
Dungeon (5/15)
 Temple: D:4-7

Altars:

Shops:
D:1 (   D:2 (

Annotations:
D:5 Grinder


Innate Abilities, Weirdness & Mutations

Your plain brown scales are hard. (AC +5)
You cannot fit into any form of body armour.
You are cold-blooded and may be slowed by cold attacks.


Message History

You feel your willpower being sapped. The bombardier beetle misses you.
Unknown command.
Unknown command.
Fire: a) +1 sling
Press: ? - help, Q - select action, (/) - cycle Shift-Dir - straight line, f/p - bombardier beetle
Aim: a bombardier beetle (severely wounded, chance to call a sprite on attack: 46%, 70% to hit)
You shoot a sling bullet.
The sling bullet hits the bombardier beetle but does no damage.
The bombardier beetle is severely wounded.
Unknown command.
Fire: a) +1 sling
Press: ? - help, Q - select action, (/) - cycle Shift-Dir - straight line, f/p - bombardier beetle
Aim: a bombardier beetle (severely wounded, chance to call a sprite on attack: 46%, 70% to hit)
You shoot a sling bullet.
The sling bullet closely misses the bombardier beetle.
The bombardier beetle barely misses you.
Fire: a) +1 sling
Press: ? - help, Q - select action, (/) - cycle Shift-Dir - straight line, f/p - bombardier beetle
Aim: a bombardier beetle (severely wounded, chance to call a sprite on attack: 46%, 70% to hit)
You shoot a sling bullet.
The sling bullet hits the bombardier beetle but does no damage.
The bombardier beetle is severely wounded.
The bombardier beetle sprays incendiary fluid at you.
The burning spray hits you.
You are covered in liquid fire!
Fire: a) +1 sling
Press: ? - help, Q - select action, (/) - cycle Shift-Dir - straight line, f/p - bombardier beetle
Aim: a bombardier beetle (severely wounded, chance to call a sprite on attack: 46%, 70% to hit)
You shoot a sling bullet.
The sling bullet barely misses the bombardier beetle.
The liquid fire burns you!
* * * LOW HITPOINT WARNING * * *
You shake off some of the fire as you move.
The liquid fire burns you!
* * * LOW HITPOINT WARNING * * *
The bombardier beetle bites you.
* * * LOW HITPOINT WARNING * * *
You shake off some of the fire as you move.
The liquid fire burns you!
You die...

###.#...
#...#.#
##.###.#...#
#......#..#
###..## #.....#
####
#..##..####..#
#..###(..#..B##
#.####.#.#@#.#
#B#.......<..#
..#.##.#...###
.... #.....#
#..# #..##.#
#... #.# #..#.
#.. #..##. ##.#
..# ..


You could see a bombardier beetle.

Vanquished Creatures
  A jelly (D:4)
  2 hounds (D:3)
  An iguana (D:4)
  A gnoll (D:4)
  4 adders
  2 ribbon worms (D:2)
  4 orcs (D:4)
  6 endoplasms
  2 giant cockroaches (D:1)
  4 goblins
  7 hobgoblins
  2 quokkas
  6 ball pythons
  6 bats
  A frilled lizard (D:2)
  9 kobolds
  3 rats
61 creatures vanquished.

Notes
Turn   | Place    | Note
-------+----------+-------------------------------------------
     0 | D:1      | Laraso the Draconian Hexslinger began the quest for the
                  | Orb.
     0 | D:1      | Reached XP level 1. HP: 16/16 MP: 2/2
   109 | D:1      | Found a faded altar of an unknown god.
   115 | D:1      | Found Tidigy's Weapon Shoppe.
   317 | D:1      | Reached XP level 2. HP: 21/23 MP: 3/3
   447 | D:1      | Learned a level 2 spell: Jinxbite
   785 | D:2      | Reached XP level 3. HP: 28/28 MP: 4/4
  1297 | D:2      | Found Naw Nugof's Weapon Emporium.
  2085 | D:3      | Reached XP level 4. HP: 35/35 MP: 2/5
  3036 | D:3      | Reached XP level 5. HP: 39/40 MP: 3/6
  3162 | D:5      | Entered Level 5 of the Dungeon
  3162 | D:5      | Noticed Grinder
  3314 | D:5      | Incinerated by a bombardier beetle

Illustrated notes

Levels and vault maps discovered:
D:1:      psy_arrival_spokes, layout_loops_ring, ebering_ecumenical_altar_hall,
          serial_shops, shop
D:2:      layout_basic, serial_shops, nicolae_shop_trees
D:3:      layout_basic
D:4:      layout_cave_pools, kennysheep_another_room, hex_medium,
          serial_bayou_pond_d, supply_closet_lemuel, cheibrodos_gnoll_hut
D:5:      layout_rooms, lemuel_crystal_altar, serial_library_hellmonk_hallway_a,
          uniq_grinder

Skill      XL: |  1  2  3  4  5 |
---------------+----------------+-----
Ranged Weapons | 2 3 4 |  4.5
Hexes          | 3 4 |  4.0
Fighting       | |  1.1
Dodging        | |  1.7
Spellcasting   | |  1.0
Fire Magic     | |  1.0

Action                     |  1- 3 |  4- 6 || total
---------------------------+-------+-------++-------
   Fire: Sling             |   159 |    97 ||   256
   Cast: Jinxbite          |     9 |    14 ||    23
    Use: Scroll            |     7 |     1 ||     8
         Potion            |       |     2 ||     2
 Armour: Skin              |    38 |    35 ||    73
  Dodge: Dodged            |    41 |    55 ||    96

Table legend: (Time is in decaauts)
 A = Elapsed time spent in this place.
 B = Non-inter-level travel time spent in this place.
 C = Inter-level travel time spent in this place.
 D = Time resting spent in this place.
 E = Time spent auto-exploring this place.
 F = Levels seen in this place.
 G = Mean time per level.
                   A        B        C        D        E       F      G
               +--------+--------+--------+--------+--------+-----+--------+
         Total |   3378 |   3231 |    147 |     74 |   2570 |   5 |  675.6 |
       Dungeon |   3378 |   3231 |    147 |     74 |   2570 |   5 |  675.6 |
               +--------+--------+--------+--------+--------+-----+--------+

Top non-repeatable levels by time:
     D:3: 959 daAuts
     D:2: 831 daAuts
     D:4: 802 daAuts
     D:1: 725 daAuts
     D:5: 59 daAuts
